 Dungeon Crawl Stone Soup version 0.30-a0-711-gf4ac18a38d (webtiles) character file.

Game seed: 5688992473452623556

1008 demibob the Ruffian (level 8, -1/59 HPs)
             Began as a Green Draconian Transmuter on Jan 22, 2023.
             Was an Initiate of Ru.
             Slain by a gnoll
             ... wielding a +0 halberd
             ... led by a gnoll sergeant
              (14 damage)
             ... on level 6 of the Dungeon.
             The game lasted 00:08:47 (5020 turns).

demibob the Ruffian (Green Draconian Transmuter)    Turns: 5020, Time: 00:08:47

Health: -1/59      AC:  6    Str: 13    XL:     8   Next: 1%
Magic:  9/11       EV: 12    Int: 16    God:    Ru [......]
Gold:   268        SH:  0    Dex: 11    Spells: 5/11 levels left

rFire   . . .      SeeInvis .      - Unarmed
rCold   . . .      Faith    .    (no shield)
rNeg    . . .      Spirit   .    (body armour unavailable)
rPois   +          Reflect  .    (helmet restricted)
rElec   .          Harm     .    (no cloak)
rCorr   .          Rampage  .    (no gloves)
Will    .....                    (no boots)
Stlth   +                        (no amulet)
HPRegen 0.29/turn                (no ring)
MPRegen 0.12/turn                (no ring)

@: short of breath, wereblooded
A: breathe noxious fumes, AC +6, unfitting armour, poison resistance,
cold-blooded
a: Breathe Noxious Fumes, Renounce Religion


You were on level 6 of the Dungeon.
You worshipped Ru.
Ru was noncommittal.
You visited 1 branch of the dungeon, and saw 6 of its levels.

You collected 268 gold pieces.


Innate Abilities, Weirdness & Mutations

You can breathe blasts of noxious fumes.
Your lurid green scales are hard. (AC +6)
You cannot fit into any form of body armour.
Your system is resistant to poisons. (rPois)
You are cold-blooded and may be slowed by cold attacks.


   Skills:
 - Level 1.1 Fighting
 - Level 1.7 Dodging
 * Level 7.8 Unarmed Combat
 - Level 2.0 Spellcasting
 + Level 5.4 Transmutations
 + Level 2.9 Poison Magic


You had 5 spell levels left.
You knew the following spells:

 Your Spells              Type           Power      Damage    Failure   Level
b - Beastly Appendage     Tmut           38%        N/A       2%          1
s - Spider Form           Tmut/Pois      15%        N/A       11%         3
w - Wereblood             Tmut           19%        N/A       3%          2

Your spell library contained the following spells:

 Spells                   Type           Power      Damage    Failure   Level
 Passwall                 Tmut/Erth      8%         N/A       11%         2
 Sandblast                Erth           2%         2d4       21%         1
 Blink                    Tloc           2%         N/A       30%         2
 Lesser Beckoning         Tloc           2%         N/A       30%         2
 Momentum Strike          Conj/Tloc      2%         3d8       30%         2
 Scorch                   Fire           2%         2d5       30%         2
 Stone Arrow              Conj/Erth      2%         3d7       52%         3
 Ice Form                 Ice/Tmut       10%        N/A       56%         4
 Flame Wave               Conj/Fire      1%         2d4       90%         4
 Summon Cactus Giant      Summ           0%         N/A       100%        6

Inventory:

Jewellery
 C - a ring of ice
Scrolls
 d - a scroll of fog
 e - 3 scrolls of enchant weapon
 l - a scroll of teleportation {@r2}
Potions
 a - a potion of lignification
 b - a potion of flight {unknown}
 c - 2 potions of curing {unknown}
 f - a potion of heal wounds {@q2}
 g - a potion of berserk rage {unknown}
 h - 3 potions of mutation
 i - 2 potions of brilliance {unknown}
 j - 2 potions of degeneration {unknown}
 k - 2 potions of cancellation {unknown}

Dungeon Overview and Level Annotations

Branches:
Dungeon (6/15)
 Temple: D:4-7

Altars:
Elyvilon
Fedhas
Qazlal
Ru
Xom
The Shining One

Annotations:
D:2 1 runed translucent door, Crazy Yiuf
D:4 5 runed translucent doors, GiantSquids's ghost, amateur MfBe; KennySheep's ghost, amateur DECj; Woods's ghost, amateur OpFE

### ##.#######
#........####
#..##.......#
###.#...#######
#.###########.....### #
#.#...(..#.....#### ...
#.######......#####
#####..... #.......).@g#
##..gg.#
#.<########g###..#...g...
#### #gg..g##.######
###....#.# .... ##.#.#.#
##. #..)#.#.# #######.###
#.......# #.#######


You could see a gnoll sergeant and 3 gnolls.


Message History

The gnoll sergeant is lightly wounded.
The gnoll hits you with a +0 halberd!
The gnoll sergeant hits you with a +0 spear.
* * * LOW HITPOINT WARNING * * *
You are too injured to fight recklessly!
You hit the gnoll sergeant.
You tail-slap the gnoll sergeant, but do no damage.
Your punch misses the gnoll sergeant.
The gnoll sergeant is moderately wounded.
You hit the gnoll sergeant.
You tail-slap the gnoll sergeant, but do no damage.
The gnoll sergeant is heavily wounded.
The gnoll hits you with a +0 halberd!
* * * LOW HITPOINT WARNING * * *
The gnoll sergeant barely misses you.
You barely miss the gnoll sergeant.
The gnoll sergeant is heavily wounded.
The gnoll sergeant hits you with a +0 spear!
* * * LOW HITPOINT WARNING * * *
You feel much better. The gnoll closely misses you.
The gnoll sergeant hits you with a +0 spear!
* * * LOW HITPOINT WARNING * * *
You punch the gnoll sergeant!
You tail-slap the gnoll sergeant, but do no damage.
The gnoll sergeant is severely wounded.
You howl as the wereblood boils in your veins!
The gnoll sergeant hits you with a +0 spear!
* * * LOW HITPOINT WARNING * * *
The gnoll attacks as you move away! The gnoll hits you with a +0 halberd!
You die...

Skill      XL: |  1  2  3  4  5  6  7 |
---------------+----------------------+-----
Unarmed Combat | 4 5 6 7 |  7.8
Transmutations | 3 4 5 |  5.4
Poison Magic   | 2 |  2.9
Fighting       | |  1.1
Dodging        | |  1.7
Spellcasting   | |  2.0

Action                     |  1- 3 |  4- 6 |  7- 9 || total
---------------------------+-------+-------+-------++-------
  Melee: Unarmed           |   162 |   216 |   101 ||   479
         Tailslap          |    11 |    20 |    15 ||    46
         Headbutt          |     9 |     7 |     4 ||    20
         Punch             |     4 |     8 |     4 ||    16
         Kick              |     5 |    12 |     9 ||    26
   Cast: Beastly Appendage |     9 |     5 |     2 ||    16
         Wereblood         |       |     2 |     3 ||     5
Ability: Breathe Noxious F |       |       |     5 ||     5
    Use: Scroll            |       |     4 |     1 ||     5
         Potion            |       |       |     1 ||     1
   Stab: Sleeping          |       |     2 |       ||     2
         Distracted        |       |     1 |       ||     1
         Confused          |       |       |     2 ||     2
 Armour: Skin              |    46 |    63 |    31 ||   140
  Dodge: Dodged            |   132 |   121 |    74 ||   327

Levels and vault maps discovered:
D:1:      sevenhm_arrival_forest_fort_small_6, layout_basic
D:2:      layout_loops_corners, kennysheep_boxes, uniq_sigmund, uniq_terence,
          uniq_crazy_yiuf_cottage
D:3:      layout_loops_ring, nicolae_tso_carved_into_rock,
          mainiacjoe_overflow_six_doors_small, ebering_ecumenical_altar_rust,
          dk_vineyard_3
D:4:      layout_basic, nicolae_ru_sacrificial_ziggurat, marbit_many_paths,
          grunt_temple_overflow_forces_of_nature, jmf_multi_god_temple2,
          gammafunk_ghost_cemetery, uniq_robin
D:5:      layout_basic, minmay_stone_trees_medium
D:6:      layout_rooms, lemuel_round_altar, minmay_temple_entry_hall,
          serial_co_window_serial, co_window_corner_a,
          co_window_of_opportunity_a, co_window_cross_1, co_window_cross_1,
          co_window_corner_a, co_window_of_opportunity_a, co_window_corner_a,
          co_window_corner_b, co_window_unsneaky_path_c, co_window_corner_ca,
          co_window_of_opportunity_c, co_window_broadway_a,
          co_window_unsneaky_path_c, glass_columns_c, glass_columns_c,
          glass_columns_a, glass_columns_c

Notes
Turn   | Place    | Note
-------+----------+-------------------------------------------
     0 | D:1      | demibob the Draconian Transmuter began the quest for the
                  | Orb.
     0 | D:1      | Reached XP level 1. HP: 16/16 MP: 3/3
   157 | D:1      | Reached XP level 2. HP: 20/23 MP: 3/5
  1018 | D:1      | Learned a level 2 spell: Wereblood
  1072 | D:2      | Reached XP level 3. HP: 26/28 MP: 6/6
  1110 | D:2      | Noticed Terence
  1121 | D:2      | Killed Terence
  1122 | D:2      | Reached skill level 4 in Unarmed Combat
  1412 | D:2      | Reached XP level 4. HP: 35/35 MP: 7/7
  1524 | D:2      | Found a runed translucent door.
  1525 | D:2      | Noticed Crazy Yiuf
  1790 | D:2      | Reached skill level 3 in Transmutations
  1887 | D:2      | Noticed Sigmund
  1896 | D:2      | Killed Sigmund
  1897 | D:2      | Reached skill level 5 in Unarmed Combat
  1897 | D:2      | Reached XP level 5. HP: 34/40 MP: 6/8
  2350 | D:2      | Identified the +0 ring mail "Kuaf" {rC+++ Will+ Int-3
                  | Stlth+}
  2383 | D:3      | Found a white marble altar of Elyvilon.
  2435 | D:3      | Reached XP level 6. HP: 45/47 MP: 9/9
  2446 | D:3      | Reached skill level 4 in Transmutations
  2473 | D:3      | Found a faded altar of an unknown god.
  2607 | D:3      | Found a glowing golden altar of the Shining One.
  2727 | D:3      | Reached skill level 6 in Unarmed Combat
  3366 | D:4      | Found a sacrificial altar of Ru.
  3390 | D:4      | Noticed Robin
  3397 | D:4      | Killed Robin
  3424 | D:4      | Found a runed translucent gate.
  3425 | D:4      | Found a runed translucent gate.
  3425 | D:4      | Found a runed translucent gate.
  3427 | D:4      | Noticed GiantSquids's ghost (amateur MfBe)
  3427 | D:4      | Noticed KennySheep's ghost (amateur DECj)
  3427 | D:4      | Noticed Woods's ghost (amateur OpFE)
  3534 | D:4      | Found a large runed translucent door.
  3535 | D:4      | Found a large runed translucent door.
  3541 | D:4      | Found a stormy altar of Qazlal.
  3570 | D:4      | Your scales start taking on a lurid green colour.
  3570 | D:4      | Reached XP level 7. HP: 24/52 MP: 7/10
  3570 | D:4      | Gained mutation: Your system is resistant to poisons.
                  | (rPois) [Green Draconian growth]
  3579 | D:4      | Learned a level 3 spell: Spider Form
  3746 | D:4      | Found a blossoming altar of Fedhas.
  3864 | D:4      | Found a shimmering altar of Xom.
  3966 | D:4      | Became a worshipper of Ru the Awakened
  3987 | D:5      | Entered Level 5 of the Dungeon
  4220 | D:5      | Reached skill level 7 in Unarmed Combat
  4220 | D:5      | Reached skill level 1 in Poison Magic
  4326 | D:5      | Reached skill level 5 in Transmutations
  4436 | D:5      | Reached skill level 2 in Poison Magic
  5007 | D:6      | Reached XP level 8. HP: 59/59 MP: 8/11
  5020 | D:6      | Slain by a gnoll

Vanquished Creatures
  Sigmund (D:2)
  A water moccasin (D:5)
  An ice beast (D:5)
  A necrophage (D:4)
  A scorpion (D:5)
  A hound (D:5)
  4 orc priests
  An orc wizard (D:5)
  An iguana (D:4)
  Terence (D:2)
  Robin (D:4)
  9 gnolls
  8 adders
  A white imp (D:5)
  An ufetubus (D:4)
  2 dart slugs (D:2)
  A worm (D:4)
  16 orcs
  8 ball pythons
  9 endoplasms
  5 giant cockroaches
  7 goblins
  13 hobgoblins
  8 jackals
  10 kobolds
  4 quokkas
  5 bats
  2 frilled lizards
  7 rats
130 creatures vanquished.

Table legend: (Time is in decaauts)
 A = Elapsed time spent in this place.
 B = Non-inter-level travel time spent in this place.
 C = Inter-level travel time spent in this place.
 D = Time resting spent in this place.
 E = Time spent auto-exploring this place.
 F = Levels seen in this place.
 G = Mean time per level.
                   A        B        C        D        E       F      G
               +--------+--------+--------+--------+--------+-----+--------+
         Total |   5005 |   4868 |    137 |    211 |   3757 |   6 |  834.2 |
       Dungeon |   5005 |   4868 |    137 |    211 |   3757 |   6 |  834.2 |
               +--------+--------+--------+--------+--------+-----+--------+

Top non-repeatable levels by time:
     D:2: 1353 daAuts
     D:1: 1034 daAuts
     D:4: 977 daAuts
     D:5: 809 daAuts
     D:3: 756 daAuts
     D:6: 74 daAuts

Table legend:
 A = Non-vault XP
 B = Vault XP
 C = Vault XP percentage of total XP
 D = Non-vault monster count
 E = Vault monster count
 F = Vault count percentage of total count
                 A         B        C        D         E       F
            +---------+---------+-------+---------+---------+-------
      Total |    1150 |     290 |  20.1 |     118 |      12 |   9.2
            +---------+---------+-------+---------+---------+-------
        D:1 |      37 |       0 |   0.0 |      21 |       0 |   0.0
        D:2 |      70 |     255 |  78.5 |      27 |       2 |   6.9
        D:3 |      91 |       0 |   0.0 |      18 |       0 |   0.0
        D:4 |     276 |      35 |  11.3 |      28 |      10 |  26.3
        D:5 |     649 |       0 |   0.0 |      22 |       0 |   0.0
        D:6 |      27 |       0 |   0.0 |       2 |       0 |   0.0
            +---------+---------+-------+---------+---------+-------
